 Dungeon Crawl Stone Soup version 0.30-b1-2-g02819fbbbe (webtiles) character file.

Game seed: 3456024589371502032

7 sking99 the Firebug (level 1, 0/14 HPs)
             Began as a Draconian Fire Elementalist on June 27, 2023.
             Was a Follower of Elyvilon.
             Slain by a kobold
             ... wielding a +0 short sword
              (1 damage)
             ... on level 1 of the Dungeon.
             The game lasted 00:02:56 (644 turns).

sking99 the Firebug (Draconian Fire Elementalist)    Turns: 644, Time: 00:02:57

Health: 0/14       AC:  5    Str: 10    XL:     1   Next: 83%
Magic:  3/3        EV:  9    Int: 15    God:    Elyvilon [*.....]
Gold:   27         SH:  0    Dex: 11    Spells: 3/4 levels left

rFire   . . .        (no weapon)
rCold   . . .        (no shield)
rNeg    . . .        (body armour unavailable)
rPois   .            (helmet restricted)
rElec   .            (no cloak)
rCorr   .            b - +0 pair of gloves
SInv    .            (no boots)
Will    .....        (no amulet)
Stlth   ++           (no ring)
HPRegen 0.22/turn    (no ring)
MPRegen 0.08/turn

%: no passive effects
@: constricted
A: AC +4, unfitting armour, cold-blooded
a: Renounce Religion, Purification


You were on level 1 of the Dungeon.
You worshipped Elyvilon.
Elyvilon was aware of your devotion.
You visited 1 branch of the dungeon, and saw 1 of its levels.

You collected 27 gold pieces.

Inventory:

Armour
 b - a +0 pair of gloves (worn)
Scrolls
 c - a scroll of amnesia {unknown}
 f - a scroll of noise {unknown}
Potions
 a - a potion of magic
 d - a potion of curing {unknown}
 e - a potion of heal wounds {unknown}


   Skills:
 + Level 0.2 Fighting
 - Level 1.7 Dodging
 - Level 1.7 Stealth
 + Level 2.1 Spellcasting
 * Level 1.3 Conjurations
 * Level 3.1 Fire Magic
 + Level 0.1 Invocations


You had 3 spell levels left.
You knew the following spells:

 Your Spells              Type           Power      Damage    Failure   Level
a - Foxfire               Conj/Fire      32%        2x1d5     9%          1

Your spell library contained the following spells:

 Spells                   Type           Power      Damage    Failure   Level
 Scorch                   Fire           22%        2d6       9%          2
 Inner Flame              Hex/Fire       6%         N/A       34%         3
 Volatile Blastmotes      Fire/Tloc      12%        2d11      34%         3
 Flame Wave               Conj/Fire      8%         2d5       65%         4


Dungeon Overview and Level Annotations

Branches:
Dungeon (1/15)

Altars:
Elyvilon


Innate Abilities, Weirdness & Mutations

Your plain brown scales are hard. (AC +4)
You cannot fit into any form of body armour.
You are cold-blooded and may be slowed by cold attacks.


Message History

You hit the kobold.
The kobold is moderately wounded.
The kobold hits you with a +0 short sword.
Unknown command.
Unknown command.
You miss the kobold.
The kobold is moderately wounded.
The ball python closely misses you. The ball python grabs you.
The ball python constricts you. The kobold misses you.
You closely miss the ball python.
The ball python bites you but does no damage.
The ball python constricts you. The kobold hits you but does no damage.
The ball python barely misses you. The ball python constricts you.
Unknown command.
The ball python bites you. The ball python constricts you.
The kobold closely misses you.
The ball python bites you but does no damage.
The ball python constricts you.
The kobold hits you with a +0 short sword.
* * * LOW HITPOINT WARNING * * *
The ball python bites you but does no damage.
The ball python constricts you.
* * * LOW HITPOINT WARNING * * *
The kobold closely misses you.
The ball python bites you but does no damage.
The ball python constricts you.
The kobold hits you with a +0 short sword.
* * * LOW HITPOINT WARNING * * *
The ball python bites you but does no damage.
The ball python constricts you.
The kobold hits you with a +0 short sword.
Elyvilon protects you from harm!
The ball python bites you but does no damage.
The ball python constricts you.
* * * LOW HITPOINT WARNING * * *
The ball python bites you but does no damage.
The ball python constricts you. The kobold hits you but does no damage.
The ball python barely misses you. The ball python constricts you.
The kobold hits you with a +0 short sword.
You die...

#≈ #.... #≈ ..... #≈
##...# #≈ #.... ## #⌠
.... .. ## #..# .#
#.##SK##..# #....@..(.#
#####.##### #.# #.#
########## #.#
#........# #.#
#.######.#### #.# #.#
#.......# #.# #.#
#.##.##.###.############


You could see a ball python and a kobold.

Vanquished Creatures
  A ball python (D:1)
  3 bats (D:1)
  A quokka (D:1)
  A rat (D:1)
6 creatures vanquished.

Vanquished Creatures (others)
  17 foxfires (D:1)
17 creatures vanquished.

Grand Total: 23 creatures vanquished

Notes
Turn   | Place    | Note
-------+----------+-------------------------------------------
     0 | D:1      | sking99 the Draconian Fire Elementalist began the quest for
                  | the Orb.
     0 | D:1      | Reached XP level 1. HP: 14/14 MP: 3/3
   242 | D:1      | Found a faded altar of an unknown god.
   249 | D:1      | Prayed at the altar of an unknown god.
   249 | D:1      | Became a worshipper of Elyvilon the Healer
   249 | D:1      | Reached * piety under Elyvilon
   642 | D:1      | Elyvilon protects you from harm!
   644 | D:1      | Slain by a kobold

Illustrated notes

Levels and vault maps discovered:
D:1:      amcnicky_arrival_flooded_fountain, layout_loops_corners,
          ebering_ecumenical_altar_petrified, minmay_tetromino_i2

Action                     || total
---------------------------++-------
  Melee: Unarmed           ||     4
   Cast: Foxfire           ||    11
 Armour: Skin              ||    11
  Dodge: Dodged            ||    13
